[ AOE2 MATCH · #478563795 ]
UnrankedVikings vs Celts
[ REPLAY ANALYSIS · EXTRACTED FROM THE RECORDED GAME ]
Feudal
13:04
Castle
16:43
Imperial
—
| APM avg | 33.3 |
| APM peak | 63 |
| eAPM avg | 17.0 |
| Villagers / military | 94 / 19 |
Focus
⚔️ 22.2% · 🌾 77.8%
Scorpion ×8 · Berserk ×7 · Archer ×2 · Monk ×1 · Mangonel ×1
Feudal
12:12
Castle
21:23
Imperial
—
| APM avg | 53.1 |
| APM peak | 77 |
| eAPM avg | 24.4 |
| Villagers / military | 71 / 47 |
Focus
⚔️ 29.7% · 🌾 70.3%
Archer ×47
Feudal
12:33
Castle
17:43
Imperial
—
| APM avg | 60.0 |
| APM peak | 106 |
| eAPM avg | 18.5 |
| Villagers / military | 58 / 18 |
Focus
⚔️ 24.5% · 🌾 75.5%
Knight ×16 · Scout Cavalry ×2
Feudal
14:12
Castle
17:46
Imperial
—
| APM avg | 25.3 |
| APM peak | 67 |
| eAPM avg | 14.4 |
| Villagers / military | 75 / 7 |
Focus
⚔️ 17.1% · 🌾 82.9%
Knight ×7
Match map
Initial resources + every placement click. Lines = walls · curves = elevation contours. ◆ gold · ⬟ stone · ● berries · ✦ relic · ◌ wall gap
Your base· Open — unwalled flank
korn's base· Open — 5t gap
digitallimao's base· Open — unwalled flank
flynorc's base· Open — unwalled flank
Smoothed initial terrain · ◌ = detected wall gap · hover for details
Inputs per minute
— Pierre Gastly - - korn
Build order — Pierre Gastly
First 150 of 158 actions detected
| 0:25 | Build | Town Center |
| 1:37 | Build | House |
| 1:44 | Build | House |
| 2:34 | Create | Villager (Male) |
| 2:34 | Create | Villager (Male) |
| 2:34 | Create | Villager (Male) |
| 2:35 | Create | Villager (Male) |
| 2:35 | Create | Villager (Male) |
| 2:35 | Create | Villager (Male) |
| 2:40 | Build | House |
| 3:54 | Create | Villager (Male) |
| 3:54 | Create | Villager (Male) |
| 3:55 | Create | Villager (Male) |
| 4:20 | Create | Villager (Male) |
| 4:20 | Create | Villager (Male) |
| 4:20 | Create | Villager (Male) |
| 4:48 | Create | Villager (Male) |
| 4:48 | Create | Villager (Male) |
| 4:49 | Create | Villager (Male) |
| 4:49 | Create | Villager (Male) |
| 5:12 | Create | Villager (Male) |
| 5:12 | Create | Villager (Male) |
| 5:12 | Create | Villager (Male) |
| 5:33 | Create | Villager (Male) |
| 5:33 | Create | Villager (Male) |
| 5:44 | Build | House |
| 5:55 | Build | Mill |
| 6:36 | Create | Villager (Male) |
| 6:36 | Create | Villager (Male) |
| 6:36 | Create | Villager (Male) |
| 6:41 | Research | Loom |
| 7:00 | Create | Villager (Male) |
| 7:00 | Create | Villager (Male) |
| 7:09 | Create | Villager (Male) |
| 7:10 | Create | Villager (Male) |
| 7:24 | Create | Villager (Male) |
| 7:39 | Create | Villager (Male) |
| 7:40 | Create | Villager (Male) |
| 7:59 | Create | Villager (Male) |
| 8:00 | Create | Villager (Male) |
| 8:00 | Create | Villager (Male) |
| 8:00 | Create | Villager (Male) |
| 8:00 | Create | Villager (Male) |
| 8:15 | Create | Villager (Male) |
| 8:22 | Create | Villager (Male) |
| 8:22 | Create | Villager (Male) |
| 8:23 | Create | Villager (Male) |
| 8:29 | Build | House |
| 8:42 | Create | Villager (Male) |
| 8:42 | Create | Villager (Male) |
| 9:01 | Build | Lumber Camp |
| 9:28 | Build | Mining Camp |
| 10:19 | Create | Villager (Male) |
| 10:28 | Create | Villager (Male) |
| 10:35 | Build | House |
| 10:43 | Research | Feudal Age |
| 11:39 | Create | Villager (Male) |
| 11:40 | Create | Villager (Male) |
| 13:04 | Age | Feudal Age |
| 13:10 | Build | Market |
| 13:18 | Build | Blacksmith |
| 13:30 | Create | Villager (Male) |
| 14:03 | Research | Castle Age |
| 14:03 | Research | Castle Age |
| 14:04 | Research | Castle Age |
| 14:18 | Build | Mining Camp |
| 14:37 | Create | Villager (Male) |
| 14:51 | Research | Double-Bit Axe |
| 16:12 | Build | Palisade Wall |
| 16:18 | Build | House |
| 16:24 | Create | Villager (Male) |
| 16:43 | Age | Castle Age |
| 16:54 | Build | Palisade Gate |
| 17:18 | Build | Castle |
| 17:22 | Build | House |
| 17:25 | Build | House |
| 17:28 | Build | House |
| 18:16 | Create | Berserk |
| 18:16 | Create | Berserk |
| 18:16 | Create | Berserk |
| 18:49 | Build | House |
| 18:55 | Create | Berserk |
| 18:55 | Create | Berserk |
| 18:56 | Create | Berserk |
| 19:14 | Build | Siege Workshop |
| 19:48 | Create | Villager (Male) |
| 19:48 | Create | Villager (Male) |
| 19:48 | Create | Villager (Male) |
| 19:48 | Create | Villager (Male) |
| 19:48 | Create | Villager (Male) |
| 20:02 | Build | House |
| 20:11 | Create | Scorpion |
| 20:11 | Create | Scorpion |
| 20:24 | Build | House |
| 20:25 | Create | Villager (Male) |
| 20:25 | Create | Villager (Male) |
| 20:25 | Create | Villager (Male) |
| 20:25 | Create | Villager (Male) |
| 20:25 | Create | Villager (Male) |
| 20:26 | Create | Villager (Male) |
| 20:45 | Create | Villager (Male) |
| 20:45 | Create | Villager (Male) |
| 20:49 | Create | Scorpion |
| 20:58 | Build | Farm |
| 20:59 | Create | Villager (Male) |
| 20:59 | Create | Villager (Male) |
| 20:59 | Create | Villager (Male) |
| 20:59 | Create | Villager (Male) |
| 21:01 | Create | Scorpion |
| 21:25 | Research | Bow Saw |
| 21:26 | Create | Villager (Male) |
| 21:27 | Create | Villager (Male) |
| 21:32 | Create | Berserk |
| 21:41 | Create | Villager (Male) |
| 21:41 | Create | Villager (Male) |
| 21:53 | Create | Villager (Male) |
| 21:54 | Create | Villager (Male) |
| 22:08 | Create | Mangonel |
| 22:12 | Create | Villager (Male) |
| 22:12 | Create | Villager (Male) |
| 22:26 | Build | Town Center |
| 22:43 | Create | Villager (Male) |
| 22:44 | Create | Villager (Male) |
| 23:02 | Create | Scorpion |
| 23:03 | Create | Scorpion |
| 23:26 | Create | Villager (Male) |
| 23:26 | Create | Villager (Male) |
| 23:29 | Build | Barracks |
| 23:34 | Build | Farm |
| 23:39 | Create | Scorpion |
| 23:59 | Build | Farm |
| 24:12 | Create | Villager (Male) |
| 24:12 | Create | Villager (Male) |
| 24:24 | Build | Farm |
| 24:30 | Build | Monastery |
| 24:36 | Create | Villager (Male) |
| 24:36 | Create | Villager (Male) |
| 24:45 | Create | Villager (Male) |
| 24:45 | Create | Villager (Male) |
| 24:45 | Create | Villager (Male) |
| 24:45 | Create | Villager (Male) |
| 24:58 | Create | Villager (Male) |
| 24:58 | Create | Villager (Male) |
| 24:59 | Create | Villager (Male) |
| 25:00 | Create | Villager (Male) |
| 25:10 | Build | Archery Range |
| 25:21 | Research | Fletching |
| 25:21 | Research | Fletching |
| 25:21 | Research | Fletching |
| 25:23 | Create | Villager (Male) |
Build order — korn
First 150 of 205 actions detected
| 0:22 | Build | Town Center |
| 2:22 | Build | House |
| 2:33 | Create | Villager (Male) |
| 2:33 | Create | Villager (Male) |
| 2:33 | Create | Villager (Male) |
| 2:34 | Create | Villager (Male) |
| 2:34 | Create | Villager (Male) |
| 3:26 | Build | House |
| 3:32 | Create | Villager (Male) |
| 3:32 | Create | Villager (Male) |
| 3:39 | Build | House |
| 4:12 | Create | Villager (Male) |
| 4:28 | Build | House |
| 4:33 | Create | Villager (Male) |
| 4:44 | Build | Lumber Camp |
| 4:52 | Create | Villager (Male) |
| 5:19 | Create | Villager (Male) |
| 5:32 | Build | House |
| 5:48 | Build | House |
| 6:11 | Create | Villager (Male) |
| 6:11 | Create | Villager (Male) |
| 6:37 | Create | Villager (Male) |
| 6:59 | Create | Villager (Male) |
| 7:10 | Build | House |
| 7:23 | Build | Palisade Wall |
| 7:32 | Create | Villager (Male) |
| 7:36 | Build | House |
| 8:24 | Create | Villager (Male) |
| 8:25 | Create | Villager (Male) |
| 8:40 | Build | Mill |
| 8:41 | Create | Villager (Male) |
| 8:48 | Build | House |
| 8:58 | Research | Loom |
| 9:12 | Create | Villager (Male) |
| 9:19 | Research | Loom |
| 10:02 | Research | Feudal Age |
| 10:09 | Build | House |
| 10:12 | Build | Barracks |
| 10:33 | Build | House |
| 10:46 | Build | House |
| 11:04 | Build | House |
| 11:09 | Build | Palisade Wall |
| 11:43 | Build | Mining Camp |
| 11:44 | Create | Villager (Male) |
| 11:56 | Create | Villager (Male) |
| 12:12 | Age | Feudal Age |
| 12:16 | Build | Archery Range |
| 12:18 | Build | Archery Range |
| 12:23 | Research | Double-Bit Axe |
| 12:24 | Create | Villager (Male) |
| 13:13 | Create | Villager (Male) |
| 13:17 | Build | Blacksmith |
| 13:23 | Create | Archer |
| 13:24 | Create | Archer |
| 13:29 | Create | Villager (Male) |
| 13:34 | Create | Archer |
| 13:34 | Create | Archer |
| 13:42 | Build | House |
| 13:51 | Create | Villager (Male) |
| 14:00 | Build | House |
| 14:03 | Create | Archer |
| 14:04 | Create | Archer |
| 14:04 | Create | Archer |
| 14:05 | Create | Villager (Male) |
| 14:14 | Create | Villager (Male) |
| 14:16 | Create | Archer |
| 14:16 | Create | Archer |
| 14:26 | Create | Villager (Male) |
| 14:30 | Build | House |
| 14:37 | Build | House |
| 14:39 | Build | House |
| 14:40 | Create | Villager (Male) |
| 14:41 | Create | Archer |
| 14:41 | Create | Archer |
| 14:46 | Research | Fletching |
| 14:46 | Research | Padded Archer Armor |
| 14:48 | Create | Villager (Male) |
| 14:53 | Create | Villager (Male) |
| 15:00 | Create | Archer |
| 15:01 | Create | Archer |
| 15:26 | Create | Archer |
| 15:34 | Create | Archer |
| 15:52 | Create | Villager (Male) |
| 15:56 | Build | Market |
| 15:57 | Create | Villager (Male) |
| 16:01 | Build | House |
| 16:02 | Build | House |
| 16:03 | Create | Villager (Male) |
| 16:11 | Create | Archer |
| 16:11 | Create | Archer |
| 16:14 | Create | Villager (Male) |
| 16:18 | Create | Villager (Male) |
| 16:20 | Research | Gold Mining |
| 16:21 | Create | Villager (Male) |
| 16:27 | Create | Archer |
| 16:35 | Create | Villager (Male) |
| 16:52 | Create | Archer |
| 16:57 | Create | Villager (Male) |
| 17:03 | Create | Villager (Male) |
| 17:05 | Create | Archer |
| 17:07 | Create | Villager (Male) |
| 17:09 | Create | Villager (Male) |
| 17:16 | Create | Archer |
| 17:41 | Create | Villager (Male) |
| 17:42 | Create | Archer |
| 17:49 | Create | Archer |
| 17:59 | Create | Archer |
| 18:13 | Create | Archer |
| 18:13 | Create | Villager (Male) |
| 18:24 | Create | Villager (Male) |
| 18:27 | Create | Villager (Male) |
| 18:43 | Research | Castle Age |
| 18:46 | Create | Villager (Male) |
| 18:51 | Create | Archer |
| 18:56 | Build | House |
| 18:57 | Build | House |
| 19:05 | Create | Archer |
| 19:05 | Create | Archer |
| 19:41 | Create | Archer |
| 19:41 | Create | Archer |
| 19:48 | Create | Archer |
| 19:49 | Create | Archer |
| 19:51 | Build | House |
| 20:03 | Build | House |
| 20:03 | Build | Palisade Wall |
| 20:05 | Build | House |
| 20:18 | Create | Villager (Male) |
| 20:30 | Create | Archer |
| 20:52 | Create | Villager (Male) |
| 20:54 | Build | Farm |
| 20:54 | Build | Farm |
| 20:54 | Build | Farm |
| 20:55 | Build | Farm |
| 20:55 | Build | Farm |
| 20:55 | Build | Farm |
| 20:56 | Research | Horse Collar |
| 21:01 | Create | Archer |
| 21:19 | Create | Archer |
| 21:19 | Create | Archer |
| 21:19 | Create | Archer |
| 21:23 | Age | Castle Age |
| 21:26 | Research | Crossbowman (upgrade) |
| 21:27 | Research | Bodkin Arrow |
| 21:40 | Build | Town Center |
| 21:56 | Create | Villager (Male) |
| 22:14 | Create | Villager (Male) |
| 22:16 | Create | Villager (Male) |
| 22:18 | Create | Archer |
| 22:34 | Build | House |
| 22:35 | Build | House |
Build order — digitallimao
148 actions detected in the replay
| 0:24 | Build | Town Center |
| 2:22 | Create | Villager (Male) |
| 2:22 | Create | Villager (Male) |
| 2:23 | Create | Villager (Male) |
| 2:23 | Create | Villager (Male) |
| 2:23 | Create | Villager (Male) |
| 2:27 | Build | House |
| 3:29 | Create | Villager (Male) |
| 3:30 | Create | Villager (Male) |
| 3:50 | Build | House |
| 4:04 | Build | House |
| 4:21 | Create | Villager (Male) |
| 4:22 | Create | Villager (Male) |
| 4:22 | Create | Villager (Male) |
| 4:40 | Build | House |
| 4:44 | Create | Villager (Male) |
| 4:44 | Create | Villager (Male) |
| 5:25 | Build | Lumber Camp |
| 5:31 | Create | Villager (Male) |
| 5:32 | Create | Villager (Male) |
| 5:39 | Build | House |
| 6:00 | Create | Villager (Male) |
| 6:12 | Build | House |
| 6:29 | Create | Villager (Male) |
| 6:39 | Create | Villager (Male) |
| 7:01 | Create | Villager (Male) |
| 7:01 | Create | Villager (Male) |
| 7:09 | Create | Villager (Male) |
| 7:11 | Build | House |
| 7:31 | Build | House |
| 7:48 | Build | House |
| 8:01 | Build | House |
| 8:28 | Create | Villager (Male) |
| 8:36 | Build | House |
| 8:51 | Build | House |
| 9:08 | Build | Mill |
| 9:12 | Build | House |
| 9:20 | Create | Villager (Male) |
| 9:21 | Create | Villager (Male) |
| 9:30 | Build | House |
| 9:50 | Build | House |
| 10:23 | Research | Feudal Age |
| 10:24 | Research | Feudal Age |
| 11:09 | Build | Barracks |
| 12:03 | Create | Villager (Male) |
| 12:05 | Build | Mining Camp |
| 12:33 | Age | Feudal Age |
| 12:41 | Create | Villager (Male) |
| 13:01 | Create | Villager (Male) |
| 13:09 | Build | House |
| 13:14 | Create | Villager (Male) |
| 13:24 | Build | House |
| 13:34 | Build | Stable |
| 13:37 | Build | House |
| 13:46 | Create | Villager (Male) |
| 13:50 | Build | House |
| 14:15 | Build | Blacksmith |
| 14:34 | Build | House |
| 14:35 | Create | Villager (Male) |
| 14:51 | Research | Castle Age |
| 14:58 | Research | Double-Bit Axe |
| 15:08 | Build | House |
| 15:09 | Build | House |
| 15:11 | Create | Scout Cavalry |
| 15:16 | Build | House |
| 15:21 | Build | House |
| 15:29 | Create | Scout Cavalry |
| 15:36 | Research | Bow Saw |
| 16:00 | Build | House |
| 16:15 | Build | House |
| 16:59 | Build | House |
| 17:15 | Create | Villager (Male) |
| 17:31 | Research | Loom |
| 17:43 | Age | Castle Age |
| 17:46 | Create | Villager (Male) |
| 17:47 | Create | Knight |
| 18:08 | Build | Town Center |
| 18:11 | Research | Two-Man Saw |
| 18:14 | Create | Villager (Male) |
| 18:27 | Build | Town Center |
| 18:30 | Create | Villager (Male) |
| 18:32 | Create | Knight |
| 18:51 | Create | Knight |
| 19:13 | Create | Knight |
| 19:27 | Create | Villager (Male) |
| 19:33 | Research | Scale Barding Armor |
| 19:48 | Create | Villager (Male) |
| 19:51 | Create | Villager (Male) |
| 19:52 | Create | Villager (Male) |
| 20:06 | Create | Knight |
| 20:09 | Create | Villager (Male) |
| 20:10 | Create | Villager (Male) |
| 20:31 | Create | Knight |
| 20:47 | Create | Villager (Male) |
| 20:54 | Research | Horse Collar |
| 21:12 | Create | Villager (Male) |
| 21:13 | Create | Villager (Male) |
| 21:25 | Create | Villager (Male) |
| 21:25 | Create | Villager (Male) |
| 21:42 | Build | Farm |
| 21:43 | Build | Farm |
| 21:44 | Build | Farm |
| 21:59 | Create | Villager (Male) |
| 22:00 | Create | Knight |
| 22:01 | Create | Knight |
| 22:11 | Build | Farm |
| 22:13 | Build | House |
| 22:14 | Build | House |
| 22:21 | Create | Villager (Male) |
| 22:22 | Create | Villager (Male) |
| 22:23 | Build | Farm |
| 22:24 | Build | Farm |
| 22:24 | Build | Farm |
| 22:26 | Build | Farm |
| 22:44 | Build | Market |
| 23:08 | Create | Villager (Male) |
| 23:08 | Create | Villager (Male) |
| 23:08 | Create | Villager (Male) |
| 23:09 | Create | Villager (Male) |
| 23:12 | Build | Farm |
| 23:12 | Build | Farm |
| 23:13 | Build | Farm |
| 23:13 | Build | Farm |
| 23:13 | Build | Farm |
| 23:13 | Build | Farm |
| 23:36 | Create | Knight |
| 23:39 | Build | Farm |
| 24:13 | Build | House |
| 24:15 | Build | House |
| 24:18 | Create | Villager (Male) |
| 24:18 | Create | Villager (Male) |
| 24:32 | Create | Villager (Male) |
| 24:33 | Create | Villager (Male) |
| 24:47 | Create | Knight |
| 24:47 | Research | Cavalier (upgrade) |
| 24:52 | Research | Cavalier (upgrade) |
| 24:56 | Build | Stable |
| 24:58 | Build | Farm |
| 24:59 | Build | Farm |
| 25:46 | Create | Knight |
| 25:46 | Create | Knight |
| 25:46 | Create | Knight |
| 25:47 | Create | Knight |
| 25:59 | Create | Villager (Male) |
| 25:59 | Create | Villager (Male) |
| 25:59 | Create | Villager (Male) |
| 26:19 | Create | Knight |
| 26:46 | Create | Knight |
Build order — flynorc
First 150 of 155 actions detected
| 0:10 | Build | Town Center |
| 0:23 | Build | Palisade Wall |
| 1:42 | Build | House |
| 2:17 | Create | Villager (Male) |
| 2:18 | Create | Villager (Male) |
| 2:18 | Create | Villager (Male) |
| 2:18 | Create | Villager (Male) |
| 2:18 | Create | Villager (Male) |
| 3:41 | Build | House |
| 3:49 | Create | Villager (Male) |
| 4:12 | Create | Villager (Male) |
| 4:41 | Build | Lumber Camp |
| 4:59 | Create | Villager (Male) |
| 4:59 | Create | Villager (Male) |
| 5:51 | Create | Villager (Male) |
| 5:52 | Create | Villager (Male) |
| 6:10 | Create | Villager (Male) |
| 6:33 | Build | House |
| 6:44 | Create | Villager (Male) |
| 6:45 | Create | Villager (Male) |
| 6:45 | Create | Villager (Male) |
| 6:58 | Create | Villager (Male) |
| 7:30 | Build | Mill |
| 7:40 | Build | Mill |
| 7:40 | Create | Villager (Male) |
| 7:45 | Create | Villager (Male) |
| 7:52 | Create | Villager (Male) |
| 7:56 | Build | House |
| 8:06 | Create | Villager (Male) |
| 8:22 | Create | Villager (Male) |
| 8:54 | Create | Villager (Male) |
| 8:57 | Build | House |
| 8:59 | Build | House |
| 9:01 | Build | Palisade Wall |
| 9:22 | Create | Villager (Male) |
| 10:01 | Research | Loom |
| 10:29 | Build | Mining Camp |
| 10:52 | Research | Feudal Age |
| 11:48 | Build | Barracks |
| 11:49 | Build | Palisade Wall |
| 11:50 | Build | Palisade Wall |
| 13:21 | Build | House |
| 13:25 | Build | House |
| 13:28 | Build | Palisade Wall |
| 13:29 | Build | Palisade Wall |
| 13:30 | Build | Palisade Wall |
| 13:31 | Build | Palisade Wall |
| 14:12 | Age | Feudal Age |
| 14:15 | Build | Stable |
| 14:16 | Create | Villager (Male) |
| 14:16 | Create | Villager (Male) |
| 14:19 | Build | Blacksmith |
| 14:43 | Research | Double-Bit Axe |
| 14:44 | Research | Horse Collar |
| 15:02 | Build | Farm |
| 15:04 | Research | Castle Age |
| 15:10 | Build | Farm |
| 15:35 | Research | Bloodlines |
| 16:08 | Research | Gold Mining |
| 16:26 | Research | Scale Barding Armor |
| 17:19 | Create | Villager (Male) |
| 17:20 | Create | Villager (Male) |
| 17:37 | Create | Villager (Male) |
| 17:37 | Create | Villager (Male) |
| 17:46 | Age | Castle Age |
| 17:47 | Create | Knight |
| 17:47 | Create | Knight |
| 17:50 | Build | Town Center |
| 18:00 | Research | Bow Saw |
| 18:31 | Create | Knight |
| 18:41 | Build | Farm |
| 18:42 | Create | Villager (Male) |
| 18:47 | Build | Farm |
| 18:47 | Build | Farm |
| 18:47 | Build | Farm |
| 18:47 | Build | Farm |
| 18:48 | Build | Farm |
| 18:48 | Build | Farm |
| 19:02 | Create | Villager (Male) |
| 19:14 | Build | Farm |
| 19:33 | Create | Villager (Male) |
| 19:36 | Build | Farm |
| 19:39 | Create | Villager (Male) |
| 19:52 | Create | Villager (Male) |
| 20:14 | Create | Knight |
| 20:17 | Create | Villager (Male) |
| 20:30 | Create | Villager (Male) |
| 20:41 | Create | Villager (Male) |
| 20:53 | Build | Farm |
| 20:55 | Build | Farm |
| 20:57 | Create | Villager (Male) |
| 21:01 | Build | Farm |
| 21:02 | Create | Villager (Male) |
| 21:15 | Create | Villager (Male) |
| 21:15 | Create | Villager (Male) |
| 21:29 | Create | Knight |
| 21:38 | Create | Villager (Male) |
| 21:42 | Build | House |
| 21:51 | Research | Wheelbarrow |
| 21:51 | Research | Wheelbarrow |
| 22:01 | Build | House |
| 22:01 | Create | Villager (Male) |
| 22:16 | Create | Villager (Male) |
| 22:26 | Create | Villager (Male) |
| 22:35 | Build | Town Center |
| 22:36 | Create | Villager (Male) |
| 22:36 | Create | Villager (Male) |
| 22:56 | Create | Knight |
| 22:56 | Create | Knight |
| 22:57 | Create | Villager (Male) |
| 23:17 | Create | Villager (Male) |
| 23:17 | Create | Villager (Male) |
| 23:24 | Build | House |
| 23:25 | Build | House |
| 23:27 | Build | House |
| 23:28 | Build | House |
| 23:35 | Build | Market |
| 23:40 | Create | Villager (Male) |
| 23:48 | Create | Villager (Male) |
| 23:48 | Create | Villager (Male) |
| 24:12 | Create | Villager (Male) |
| 24:12 | Create | Villager (Male) |
| 24:46 | Build | Mill |
| 24:48 | Create | Villager (Male) |
| 24:48 | Create | Villager (Male) |
| 24:51 | Build | Town Center |
| 24:52 | Create | Villager (Male) |
| 24:52 | Create | Villager (Male) |
| 25:04 | Create | Villager (Male) |
| 25:04 | Create | Villager (Male) |
| 25:20 | Create | Villager (Male) |
| 25:21 | Create | Villager (Male) |
| 25:27 | Create | Villager (Male) |
| 25:40 | Build | Farm |
| 25:40 | Build | Farm |
| 25:40 | Build | Farm |
| 25:41 | Build | Farm |
| 25:41 | Build | Farm |
| 25:41 | Build | Farm |
| 25:47 | Build | House |
| 25:48 | Build | House |
| 25:59 | Create | Villager (Male) |
| 26:04 | Research | Chain Barding Armor |
| 26:04 | Create | Villager (Male) |
| 26:05 | Create | Villager (Male) |
| 26:13 | Create | Villager (Male) |
| 26:13 | Create | Villager (Male) |
| 26:18 | Build | Mining Camp |
| 26:20 | Create | Villager (Male) |
| 26:25 | Create | Villager (Male) |
Match timeline
| 0:23 | flynorc · wall_segment Palisade Wall x1 |
| 7:23 | korn · wall_segment Palisade Wall x1 |
| 9:01 | flynorc · wall_segment Palisade Wall x1 |
| 10:12 | korn · first_building Barracks |
| 11:09 | digitallimao · first_building Barracks |
| 11:09 | korn · wall_segment Palisade Wall x1 |
| 11:48 | flynorc · first_building Barracks |
| 11:49 | flynorc · wall_segment Palisade Wall x1 |
| 11:50 | flynorc · wall_segment Palisade Wall x1 |
| 12:12 | korn · age_up feudal |
| 12:16 | korn · first_building Archery Range |
| 12:33 | digitallimao · age_up feudal |
| 13:04 | Pierre Gastly · age_up feudal |
| 13:28 | flynorc · wall_segment Palisade Wall x1 |
| 13:29 | flynorc · wall_segment Palisade Wall x1 |
| 13:30 | flynorc · wall_segment Palisade Wall x1 |
| 13:31 | flynorc · wall_segment Palisade Wall x1 |
| 13:34 | digitallimao · first_building Stable |
| 14:12 | flynorc · age_up feudal |
| 14:15 | flynorc · first_building Stable |
| 16:12 | Pierre Gastly · wall_segment Palisade Wall x10 |
| 16:43 | Pierre Gastly · age_up castle |
| 17:09 | Pierre Gastly · first_market_buy 100 stone |
| 17:18 | Pierre Gastly · first_building Castle |
| 17:43 | digitallimao · age_up castle |
| 17:46 | flynorc · age_up castle |
| 18:39 | korn · first_market_buy 100 food |
| 18:40 | korn · first_market_sell 100 wood |
| 18:53 | Pierre Gastly · first_market_sell 100 wood |
| 19:14 | Pierre Gastly · first_building Siege Workshop |
| 20:03 | korn · wall_segment Palisade Wall x1 |
| 21:23 | korn · age_up castle |
| 22:39 | korn · wall_segment Palisade Wall x1 |
| 23:29 | Pierre Gastly · first_building Barracks |
| 24:30 | Pierre Gastly · first_building Monastery |
| 24:45 | digitallimao · first_market_buy 100 food |
| 24:47 | flynorc · first_market_buy 100 stone |
| 25:10 | Pierre Gastly · first_building Archery Range |
| 27:01 | digitallimao · resign |
[ AI ANALYSIS · 1 CREDIT ]
What really happened in this match?
Wolo.gg analyzes every decision: build order, eco, micro, common mistakes by bracket. Personalized analysis on WhatsApp or Discord in 30 seconds.
Civ guide
Vikings
Perfil
Jugador #3017259